 Dungeon Sprint DCSS version 0.27-a0-1347-gd8886f0a89 (webtiles) character file.

Game seed: 281702371476037557

2794 mhtbhm the Eclecticist (level 9, -6/47 HPs)
             Began as a Deep Elf Earth Elementalist on June 27, 2021.
             Was an Elder of Vehumet.
             Mangled by a six-headed hydra (11 damage)
             ... in the Dungeon (Sprint IX: "|||||||||||||||||||||||||||||").
             The game lasted 00:02:08 (1069 turns).

mhtbhm the Eclecticist (DEEE)                       Turns: 1069, Time: 00:02:08

Health: -6/47      AC:  3    Str:  8    XL:     9   Next: 43%
Magic:  27/32      EV: 17    Int: 27    God:    Vehumet [****..]
Gold:   0          SH:  0    Dex: 15    Spells: 27/42 levels left

rFire    . . .     SeeInvis .   a - +3 war axe of Muad {vorpal, Int+3}
rCold    . . .     Faith    .   (no shield)
rNeg     . . .     Spirit   .   b - +0 robe
rPois    .         Reflect  .   (no helmet)
rElec    .         Harm     .   l - +0 cloak
rCorr    .         Rampage  .   (no gloves)
Will     .....     NoTele   +   (no boots)
Stlth    +++.......             (no amulet)
HPRegen  0.15/turn              m - +2 ring of evasion
MPRegen  0.23/turn              n - +3 ring of strength

@: no status effects
A: no striking features
a: Renounce Religion


You were in the Dungeon.
You worshipped Vehumet.
Vehumet was greatly pleased with you.
You visited 1 branch

Inventory:

Hand Weapons
 a - the +3 war axe of Muad (weapon) {vorpal, Int+3}
   (You found it in the Dungeon)

   It inflicts extra damage upon your enemies.
   Int:       It affects your intelligence (+3).
Missiles
 i - 3 stones
Armour
 b - a +0 robe (worn)
 l - a +0 cloak (worn)
Jewellery
 m - a +2 ring of evasion (left hand)
 n - a +3 ring of strength (right hand)
Wands
 j - a wand of iceblast (7)
Scrolls
 e - 2 scrolls of amnesia
 h - 2 scrolls of blinking
 r - 4 scrolls of fog
 s - 2 scrolls of enchant weapon
 t - 2 scrolls of fear
Potions
 c - 6 potions of curing
 d - 4 potions of heal wounds
 f - 4 potions of magic
 g - a potion of berserk rage
 k - a potion of invisibility
 o - a potion of haste
 p - a potion of mutation
 q - a potion of brilliance


   Skills:
 + Level 1.0 Fighting
 + Level 0.5 Axes
 + Level 7.3 Dodging
 + Level 6.3 Stealth
 + Level 17.2 Spellcasting
 + Level 2.6 Conjurations
 + Level 1.5 Transmutations
 + Level 15.3 Earth Magic
 + Level 3.2 Evocations


You had 27 spell levels left.
You knew the following spells:

 Your Spells              Type           Power      Damage    Failure   Level
a - Sandblast             Erth           100%       2d20      0%          1
b - Passwall              Tmut/Erth      51%        N/A       1%          2
c - Stone Arrow           Conj/Erth      100%       3d13      1%          3
d - Lee's Rapid Deconstr  Erth           41%        3d21*     1%          5
e - Petrify               Tmut/Erth      62%        N/A       1%          4

Your spell library contained the following spells:

 Spells                   Type           Power      Damage    Failure   Level
 Poisonous Vapours        Pois/Air       46%        N/A       1%          2


Dungeon Overview and Level Annotations

Branches:
Dungeon (1/1)

Altars:
Cheibriados
Dithmenos
Elyvilon
Fedhas
Gozag
Hepliaklqana
Kikubaaqudgha
Makhleb
Nemelex Xobeh
Okawaru
Qazlal
Ru
Sif Muna
Trog
Uskayaw
Vehumet
Wu Jian
Xom
Yredelemnul
Zin
The Shining One
Beogh
Jiyva
Lugonu


Message History

Press: ? - help, Dir - move target An open door to the Lair.
The stone door frame shatters!
The blast of rock fragments hits the six-headed hydra!!
The six-headed hydra is moderately wounded.
The blast of rock fragments hits the yak!!!
The yak is almost dead.
You hear a loud, deep croak!
You hear an angry hiss.
The six-headed hydra closely misses you. x2
The six-headed hydra bites you but does no damage.
The six-headed hydra bites you! The six-headed hydra bites you.
The six-headed hydra barely misses you.
Unknown command.
Casting: Lee's Rapid Deconstruction (safe; 1% risk of failure)
Confirm with . or Enter, or press ? or * to list all spells.
Aiming: Lee's Rapid Deconstruction (safe; 1% risk of failure)
Press: ? - help, Dir - move target, f - yak Fragment what (e.g. wall or brittle monster)?: a yak (almost dead)
An open door to the Lair.
The stone door frame shatters!
The blast of rock fragments hits the yak!
You kill the yak!
Vehumet accepts your kill.
Vehumet offers you knowledge of Poisonous Vapours.
Vehumet is now extending the range of your destructive spells.
You feel your power returning.
The blast of rock fragments hits the six-headed hydra!!!
The six-headed hydra is severely wounded.
The blast of rock fragments hits the blink frog!!!
You kill the blink frog!
Vehumet accepts your kill.
You feel your power returning.
You hear a croak.
You hear a loud, deep croak!
The six-headed hydra bites you!
* * * LOW HITPOINT WARNING * * *
The six-headed hydra bites you.
* * * LOW HITPOINT WARNING * * *
The six-headed hydra closely misses you.
The six-headed hydra barely misses you. x2; The six-headed hydra bites you!
You die...

▓▓▓▓▓▓▓▓▓▓▓▓▓▓▓▓▓▓▓▓▓▓▓▓▓
....'.....)))...@D'l.k.F.
▓▓▓▓▓▓▓▓▓▓▓▓▓▓▓▓▓▓▓▓▓▓▓▓▓▓▓▓▓▓▓▓▓
.................................
▓▓▓▓▓▓▓▓▓▓▓▓▓▓▓▓▓▓▓▓▓▓▓▓▓▓▓▓▓▓▓▓▓
.'†).÷.'.....'___________________
▓▓▓▓▓▓▓▓▓▓▓▓▓▓▓▓▓▓▓▓▓▓▓▓▓▓▓▓▓▓▓▓▓


You could see a six-headed hydra, a komodo dragon, a cane toad and a rime drake.

Vanquished Creatures
  A tengu warrior (D)
  An ugly thing (D)
  A manticore (D)
  A troll (D)
  2 slime creatures (D)
  A blink frog (D)
  3 yaks (D)
  2 vampire mosquitoes (D)
  An ogre (D)
  A scorpion (D)
  2 howler monkeys (D)
  A hound (D)
  A gnoll (D)
  An ufetubus (D)
  2 dart slugs (D)
  3 rats (D)
24 creatures vanquished.

Notes
Turn   | Place    | Note
-------+----------+-------------------------------------------
     0 | D        | mhtbhm the Deep Elf Earth Elementalist began the quest for
                  | the Orb.
     0 | D        | Reached XP level 1. HP: 10/10 MP: 6/6
   170 | D        | Noticed a hound
   170 | D        | Noticed an ogre
   170 | D        | Noticed a scorpion
   173 | D        | Killed a hound
   174 | D        | Reached skill level 5 in Spellcasting
   174 | D        | Reached XP level 2. HP: 1/15 MP: 5/10
   174 | D        | Reached XP level 3. HP: 2/19 MP: 5/11
   182 | D        | Killed an ogre
   183 | D        | Reached skill level 7 in Spellcasting
   183 | D        | Reached XP level 4. HP: 3/24 MP: 3/15
   460 | D        | Learned a level 2 spell: Passwall
   464 | D        | Learned a level 3 spell: Stone Arrow
   466 | D        | Killed a scorpion
   467 | D        | Reached skill level 5 in Dodging
   467 | D        | Reached skill level 8 in Spellcasting
   467 | D        | Reached XP level 5. HP: 28/28 MP: 11/17
   483 | D        | Found a snail-covered altar of Cheibriados.
   483 | D        | Found a shadowy altar of Dithmenos.
   483 | D        | Found a white marble altar of Elyvilon.
   483 | D        | Found a blossoming altar of Fedhas.
   483 | D        | Found an opulent altar of Gozag.
   484 | D        | Found a hazy altar of Hepliaklqana.
   485 | D        | Found a viscous altar of Jiyva.
   486 | D        | Found an ancient bone altar of Kikubaaqudgha.
   487 | D        | Found a corrupted altar of Lugonu.
   488 | D        | Found a burning altar of Makhleb.
   489 | D        | Found a sparkling altar of Nemelex Xobeh.
   490 | D        | Found an iron altar of Okawaru.
   491 | D        | Found a stormy altar of Qazlal.
   492 | D        | Found a sacrificial altar of Ru.
   493 | D        | Found a shimmering blue altar of Sif Muna.
   494 | D        | Found a bloodstained altar of Trog.
   495 | D        | Found a hide-covered altar of Uskayaw.
   496 | D        | Found a radiant altar of Vehumet.
   497 | D        | Found an ornate altar of the Wu Jian Council.
   498 | D        | Found a shimmering altar of Xom.
   499 | D        | Found a basalt altar of Yredelemnul.
   500 | D        | Found a glowing silver altar of Zin.
   501 | D        | Found a glowing golden altar of the Shining One.
   504 | D        | Became a worshipper of Vehumet
   519 | D        | Got the +3 war axe of Muad {vorpal, Int+3}
   561 | D        | Noticed a yak
   561 | D        | Noticed a troll
   561 | D        | Noticed a yak
   561 | D        | Noticed a vampire mosquito
   565 | D        | Reached skill level 9 in Spellcasting
   566 | D        | Killed a yak
   567 | D        | Reached skill level 5 in Stealth
   567 | D        | Reached skill level 10 in Spellcasting
   567 | D        | Reached skill level 10 in Earth Magic
   567 | D        | Reached skill level 1 in Evocations
   567 | D        | Reached XP level 6. HP: 32/32 MP: 17/21
   568 | D        | HP: 1/32 [troll (13)]
   570 | D        | Killed a troll
   570 | D        | Reached * piety under Vehumet
   570 | D        | Offered knowledge of Shock by Vehumet.
   571 | D        | Reached skill level 11 in Spellcasting
   571 | D        | Reached skill level 1 in Conjurations
   571 | D        | Reached XP level 7. HP: 1/36 MP: 14/24
   574 | D        | Killed a yak
   575 | D        | Reached skill level 12 in Spellcasting
   577 | D        | Killed a vampire mosquito
   577 | D        | Reached ** piety under Vehumet
   578 | D        | Reached skill level 13 in Spellcasting
   781 | D        | Learned a level 5 spell: Lee's Rapid Deconstruction
   786 | D        | Learned a level 4 spell: Petrify
   790 | D        | Noticed a purple ugly thing
   790 | D        | Noticed a slime creature
   790 | D        | Noticed a tengu warrior
   790 | D        | Noticed a slime creature
   790 | D        | Noticed a manticore
   790 | D        | Noticed a vampire mosquito
   794 | D        | Killed a slime creature
   794 | D        | Offered knowledge of Searing Ray by Vehumet.
   794 | D        | Killed a purple ugly thing
   795 | D        | Reached skill level 15 in Spellcasting
   795 | D        | Reached XP level 8. HP: 42/42 MP: 17/29
   796 | D        | Killed a tengu warrior
   797 | D        | Reached skill level 16 in Spellcasting
   797 | D        | Reached XP level 9. HP: 41/46 MP: 8/31
   797 | D        | Reached *** piety under Vehumet
   799 | D        | Killed a manticore
   800 | D        | Reached skill level 1 in Fighting
   800 | D        | Reached skill level 17 in Spellcasting
   800 | D        | Reached skill level 15 in Earth Magic
  1066 | D        | Noticed a six-headed hydra
  1066 | D        | Noticed a komodo dragon
  1066 | D        | Noticed a rime drake
  1066 | D        | Noticed a cane toad
  1069 | D        | Offered knowledge of Poisonous Vapours by Vehumet.
  1069 | D        | Reached **** piety under Vehumet
  1069 | D        | Mangled by a six-headed hydra

Illustrated notes

Levels and vault maps discovered:
D:        linesprint [early_d, line_temple, items_1, d_10, items_2, lair_1,
          lair_end, items_3, orc_1, orc_end, items_4, d_15, swamp_1, shoals_1,
          snake_1, spider_1, d_20, vaults_1, items_5, swamp_end, shoals_end,
          snake_end, spider_end, vaults_end, d_27, items_6, zot_1, zot_end,
          crypt_end, forest_end, elf_end, slime_end, tomb_end, abyss_end,
          pan_hell_end]

Skill      XL: |  1  2  3  4  5  6  7  8  9 |
---------------+----------------------------+-----
Earth Magic    | 6 8 9 10 11 13 14 15 | 15.3
Dodging        | 3 4 5 6 7 |  7.3
Stealth        | 3 4 5 6 |  6.3
Spellcasting   | 5 7 8 10 11 15 16 17 | 17.2
Evocations     | 1 2 3 |  3.2
Conjurations   | 1 2 |  2.6
Fighting       | 1 |  1.0
Axes           | |  0.5
Transmutations | |  1.5

Action                   |  1- 3 |  4- 6 |  7- 9 || total
-------------------------+-------+-------+-------++-------
Melee: War axe           |       |       |     1 ||     1
 Cast: Sandblast         |    12 |     8 |     7 ||    27
       Stone Arrow       |       |     2 |     3 ||     5
       Lee's Rapid Decon |       |       |     9 ||     9
Evoke: Wand              |       |     3 |       ||     3
  Use: Potion            |     1 |       |     1 ||     2
Armor: Robe              |       |     2 |     1 ||     3
Dodge: Dodged            |     4 |     6 |    29 ||    39

Table legend: (Time is in decaauts)
 A = Elapsed time spent in this place.
 B = Non-inter-level travel time spent in this place.
 C = Inter-level travel time spent in this place.
 D = Time resting spent in this place.
 E = Time spent auto-exploring this place.
 F = Levels seen in this place.
 G = Mean time per level.
                   A        B        C        D        E       F      G
               +--------+--------+--------+--------+--------+-----+--------+
         Total |   1048 |   1048 |      0 |    625 |    225 |   1 | 1048.0 |
       Dungeon |   1048 |   1048 |      0 |    625 |    225 |   1 | 1048.0 |
               +--------+--------+--------+--------+--------+-----+--------+

Top non-repeatable levels by time:
       D: 1048 daAuts
